 Dungeon Crawl Stone Soup version 0.19-a0-1704-gbd66c22 (webtiles) character file.

381 GrosslyIncandescent the Insei (level 6, -7/47 HPs)
             Began as a Mummy Monk on Sept 27, 2016.
             Mangled by an ogre mage
             ... wielding a +0 spear
              (11 damage)
             ... on level 1 of the Dungeon.
             The game lasted 00:09:08 (19426 turns).

GrosslyIncandescent the Insei (Mummy Monk)         Turns: 19426, Time: 00:09:09

Health: -7/47      AC:  5    Str: 14    XL:     6   Next: 46%
Magic:  6/6        EV: 14    Int: 10    God:
Gold:   162        SH:  0    Dex: 16    Spells: 0 memorised, 5 levels left

rFire  x . .     SeeInvis .       - Unarmed
rCold  + . .     Gourm    .     (no armour)
rNeg   + + +     Faith    .     (no shield)
rPois  ∞         Spirit   .     b - +2 helmet
rElec  .         Dismiss  .     (no cloak)
rCorr  .         Reflect  .     d - +0 pair of gloves
MR     .....     Harm     .     (no boots)
Stlth  ++........               (no amulet)
                                (no ring)
                                (no ring)

@: slowed, very slow
A: no food or potions, fire vulnerability, cold resistance 1, negative energy
resistance 3, torment resistance, unbreathing
a: no special abilities


You were on level 1 of the Dungeon.
You were not hungry.

You visited 1 branch of the dungeon, and saw 3 of its levels.

You collected 162 gold pieces.


Innate Abilities, Weirdness & Mutations

You do not eat or drink.
Your flesh is vulnerable to fire.
You are immune to poison.
Your flesh is cold resistant. (rC+)
You are immune to negative energy. (rN+++)
You are immune to unholy pain and torment.
You can survive without breathing.


   Skills:
 - Level 3.0 Fighting
 + Level 3.6 Dodging
 - Level 1.5 Stealth
 - Level 5.4 Unarmed Combat


You had 5 spell levels left.
You didn't know any spells.

Inventory:

Armour
 b - a +2 helmet (worn)
 d - a +0 pair of gloves (worn)
Jewellery
 e - a +4 ring of slaying {FILTHY HARLOT}
Scrolls
 a - 2 scrolls of teleportation {@r4}
 c - a scroll of blinking

Dungeon Overview and Level Annotations

Branches:
Dungeon (3/15)

Altars:

░░░░░░░░░░░░░░
,,,,,░░,,,,,,░░
░░░░,░░,░,,>,,░ ░░
░,░░,░,░░,,░
,░░░,░░,░,░▒,,░
,,,,,,,,,.▒▒..▒▒▒▒▒▒▒▒▒▒▒▒▒
,░░░,░░,░......OM...).....▒
,,,,,░░,,......▒▒▒▒▒▒▒▒▒▒.▒
,,,,,░░░░.▒...░░ ▒.▒▒
,,░,░░ ░,▒▒.,░ ▒..▒ ,,,,░
░,..,,░ ▒▒.▒ ,,,,░ ░▒▒▒.░░
▒.▒ ,,,,░ ▒▒'▒░ ▒.▒ ,,░,░
▒▒...▒▒ ▒.▒ ,,░,░ ▒▒.....▒▒
▒▒▒ ▒.▒


You could see an ogre mage.


Message History

The ogre mage is lightly wounded!
The ogre mage closely misses you!
You pummel the ogre mage like a punching bag!
The ogre mage is moderately wounded!
The ogre mage hits you with a spear! * * * don't die
* * * You pummel the ogre mage but do no damage!
You punch the ogre mage!
The ogre mage is moderately wounded!
The ogre mage hits you with a spear! * * * don't die
* * * The ogre mage points at you and mumbles some strange words!
You resist with significant effort!
You beat the ogre mage into a bloody pulp!
The ogre mage is moderately wounded!
The ogre mage casts a spell at you! The bolt of poison hits you!!! You resist!
You pummel the ogre mage like a punching bag!
The ogre mage is heavily wounded!
The ogre mage hits you with a spear!!! * * * don't die
* * * You pummel the ogre mage like a punching bag!
The ogre mage is heavily wounded!
The ogre mage hits you with a spear! * * * don't die
* * * The ogre mage misses you!
You pummel the ogre mage like a punching bag!
The ogre mage is heavily wounded!
The ogre mage hits you with a spear!!! rip

Action                   |  1- 3 |  4- 6 || total
-------------------------+-------+-------++-------
Melee: Unarmed           |   125 |   276 ||   401
       Punch             |       |    10 ||    10
  Use: Scroll            |       |     6 ||     6
 Stab: Sleeping          |     2 |     6 ||     8
Armor: Skin              |     8 |    34 ||    42
Dodge: Dodged            |    90 |   134 ||   224

Vault maps used:
D:1:      co_arrival_square_in_a_square_in_a_square, minmay_misc_feat_hallway
D:3:      kennysheep_goblin_castle, first_bread, uniq_jessica

Notes
Turn   | Place    | Note
-------+----------+-------------------------------------------
     0 | D:1      | GrosslyIncandescent the Mummy Monk began the quest for the Orb.
     0 | D:1      | Reached XP level 1. HP: 18/18 MP: 1/1
   467 | D:1      | Reached XP level 2. HP: 14/24 MP: 2/2
   601 | D:1      | Reached skill level 3 in Unarmed Combat
  1061 | D:2      | Reached XP level 3. HP: 29/29 MP: 3/3
  1998 | D:2      | Reached skill level 4 in Unarmed Combat
  1998 | D:2      | Reached XP level 4. HP: 9/35 MP: 4/4
  2964 | D:3      | AAH+
  2964 | D:3      | AAAAAAAAAAAAH
  3029 | D:3      | Noticed Jessica
  3038 | D:3      | Killed Jessica
  3038 | D:3      | Reached XP level 5. HP: 28/41 MP: 5/5
  3091 | D:3      | Reached skill level 5 in Unarmed Combat
  3458 | D:3      | Noticed Robin
  3655 | D:3      | Killed Robin
  6830 | D:1      | Reached XP level 6. HP: 35/47 MP: 6/6
 10255 | D:1      | Noticed an ogre mage
 13390 | D:2      | Reached skill level 3 in Dodging
 19425 | D:1      | HP: 4/47 [ogre mage/spear (3)]
 19426 | D:1      | Mangled by an ogre mage

Vanquished Creatures
  A crimson imp (D:3)
  A hound (D:1)
  An orc priest (D:1)
  Jessica (D:3)
  2 orc wizards
  Robin (D:3)
  8 adders
  2 oozes
  3 worms
  A dart slug (D:1)
  A leopard gecko (D:2)
  9 orcs
  5 bats
  7 giant cockroaches
  20 goblins
  8 hobgoblins
  6 jackals (D:3)
  A quokka (D:3)
  6 frilled lizards
  9 kobolds
  9 rats
102 creatures vanquished.
